[Event "Titled Tuesday Blitz June 27 Late 2023"]
[White "MKlose11"]
[Black "Zhigalko, Sergei"]
[BlackFideId "13502956"]
[WhiteElo "2602"]
[BlackElo "2889"]
[Result "0-1"]
[Round "4"]
[TimeControl "180+2"]
[Date "2023.06.27"]
[WhiteClock "0:00:04"]
[BlackClock "0:00:07"]
[Board "37"]

1. e4 c5 2. Nc3 Nc6 3. g3 g6 4. Bg2 Bg7 5. d3 Rb8 6. Be3 d6 7. Qd2 b5 8. Nge2 b4 9. Nd1 a5 10. O-O a4 11. Rb1 Nd4 12. h3 b3 13. axb3 axb3 14. c3 Nc2 15. d4 Ba6 16. Bf3 Nf6 17. dxc5 dxc5 18. Qxd8+ Rxd8 19. Bxc5 Nxe4 20. Bxe4 Bxe2 21. Bc6+ Kf8 22. Ba4 Rb8 23. Ne3 Nxe3 24. Bxe3 Bxf1 25. Kxf1 h5 26. Bf4 Rb7 27. Ra1 Bf6 28. Ra3 Bxc3 29. bxc3 b2 30. Bc2 b1=Q+ 31. Bxb1 Rxb1+ 32. Kg2 f6 33. Ra7 Rb3 34. Rc7 g5 35. Be3 Kf7 36. Bc5 Re8 37. Bb4 Rb1 38. Ra7 Re1 39. Rd7 Kg6 40. g4 hxg4 41. hxg4 Re4 42. Kf3 Rf4+ 43. Kg3 e5 44. Bc5 Rc4 45. Be3 Rxc3 46. Rd6 Rc4 47. Ra6 Rc7 48. Bd2 Rce7 49. Be3 Re6 50. Ra7 Rc8 51. Ra4 Rec6 52. Ra5 Rc4 53. Ra6 Rb4 54. Bd2 Re4 55. Be3 Rcc4 56. Kf3 Rxg4 57. Rc6 Rxc6 58. Kxg4 Rc4+ 59. Kf3 f5 60. Kg3 g4 61. Kg2 f4 62. Ba7 Kf5 63. Bb8 e4 64. Ba7 Rc2 65. Kg1 Ra2 66. Bb6 g3 67. fxg3 fxg3 68. Kh1 Kg4 69. Bg1 Kf3 70. Bd4 e3 71. Bxe3 Kxe3 72. Kg1 Kf3 73. Kh1 Ra1# 0-1


[Site "https://www.chess.com"]

[Event "Titled Tuesday Blitz June 27 Late 2023"]
[White "Vdovin, Vadim"]
[Black "Rustemov, Alexander"]
[WhiteFideId "24107158"]
[BlackFideId "4119002"]
[WhiteElo "2600"]
[BlackElo "2879"]
[Result "0-1"]
[Round "4"]
[TimeControl "180+2"]
[Date "2023.06.27"]
[WhiteClock "0:00:10"]
[BlackClock "0:01:11"]
[Board "38"]

1. e4 e6 2. d4 d5 3. Nc3 dxe4 4. Nxe4 Bd7 5. Nf3 Bc6 6. Bd3 Nd7 7. O-O Ngf6 8. Ned2 Be7 9. Qe2 Nd5 10. Ne4 Nb4 11. Bc4 Bd5 12. a3 Bxc4 13. Qxc4 Nd5 14. Qe2 O-O 15. c4 N5f6 16. Nc3 c6 17. Bf4 Re8 18. Rad1 Nf8 19. Ne5 N6d7 20. g3 Bf6 21. h4 Ng6 22. Nxg6 hxg6 23. Ne4 Be7 24. h5 g5 25. Bc1 f5 26. Nc3 Bf6 27. Qf3 g4 28. Qg2 Bg5 29. d5 cxd5 30. cxd5 e5 31. d6 e4 32. Nd5 Ne5 33. Nc7 Nf3+ 34. Kh1 Bxc1 35. Rxc1 Qg5 0-1


[Site "https://www.chess.com"]

[Event "Titled Tuesday Blitz June 27 Late 2023"]
[White "ATM622"]
[Black "Hansen, Eric"]
[BlackFideId "2606771"]
[WhiteElo "2596"]
[BlackElo "2873"]
[Result "0-1"]
[Round "4"]
[TimeControl "180+2"]
[Date "2023.06.27"]
[WhiteClock "0:00:16"]
[BlackClock "0:02:04"]
[Board "39"]

1. d4 Nf6 2. c4 e6 3. g3 Bb4+ 4. Nd2 O-O 5. Bg2 d5 6. Qc2 Nc6 7. Nf3 dxc4 8. Qxc4 Qd5 9. Qxd5 exd5 10. O-O Re8 11. e3 a5 12. a3 Bd6 13. b3 Bf5 14. Bb2 h6 15. Rac1 Ra6 16. h3 Nd8 17. Ne5 c6 18. Rfd1 Ne6 19. g4 Bh7 20. f4 h5 21. g5 Bxe5 22. dxe5 Nd7 23. h4 Ndc5 24. Bf1 Rb6 25. Rc3 Na4 26. bxa4 Rxb2 27. Rb3 Rxb3 28. Nxb3 Bc2 29. Be2 Bxb3 30. Rb1 Nc5 31. Bxh5 g6 32. Bg4 Bxa4 33. h5 gxh5 34. Bxh5 Kg7 35. Kg2 Bc2 36. Rc1 Nd3 37. Ra1 b5 38. Bg4 b4 39. Bd7 Re7 40. Bxc6 b3 41. Bxd5 b2 42. Rh1 Nc1 43. f5 Bxf5 0-1


[Site "https://www.chess.com"]

[Event "Titled Tuesday Blitz June 27 Late 2023"]
[White "Miladinovic, Igor"]
[Black "Wachinger, Nikolas"]
[WhiteFideId "4203380"]
[BlackFideId "12962791"]
[WhiteElo "2865"]
[BlackElo "2593"]
[Result "1-0"]
[Round "4"]
[TimeControl "180+2"]
[Date "2023.06.27"]
[WhiteClock "0:01:46"]
[BlackClock "0:00:05"]
[Board "40"]

1. d4 Nf6 2. Bg5 e6 3. e3 h6 4. Bh4 c5 5. c3 b6 6. Nd2 Bb7 7. Ngf3 Be7 8. Bxf6 Bxf6 9. Bd3 O-O 10. h4 cxd4 11. exd4 d6 12. Ne4 Be7 13. Qe2 Nd7 14. g4 g6 15. O-O-O Qc7 16. Qe3 Kg7 17. Kb1 d5 18. Ng3 Bd6 19. Ne2 e5 20. dxe5 Nxe5 21. Nxe5 Bxe5 22. h5 g5 23. Nd4 Bxd4 24. Qxd4+ f6 25. Rhe1 Rae8 26. Bg6 Rxe1 27. Rxe1 Bc6 28. Re6 Qd7 29. Qe3 1-0


[Site "https://www.chess.com"]

[Event "Titled Tuesday Blitz June 27 Late 2023"]
[White "Ballester Llagaria, Luis Eduardo"]
[Black "Pichot, Alan"]
[WhiteFideId "2297620"]
[BlackFideId "110973"]
[WhiteElo "2591"]
[BlackElo "2844"]
[Result "0-1"]
[Round "4"]
[TimeControl "180+2"]
[Date "2023.06.27"]
[WhiteClock "0:00:55"]
[BlackClock "0:01:51"]
[Board "41"]

1. e4 c5 2. Nc3 Nc6 3. Bb5 Nd4 4. Nf3 e6 5. O-O a6 6. Bd3 Ne7 7. Nxd4 cxd4 8. Ne2 Nc6 9. c3 Bc5 10. b4 Ba7 11. cxd4 Nxb4 12. Bb1 d5 13. e5 Bd7 14. f4 Bb5 15. Bb2 Nc6 16. d3 Ne7 17. a4 Bc6 18. Ba3 Nf5 19. Bc5 Ne3 20. Qe1 Nxf1 21. Qxf1 Qa5 22. Qf2 Bxc5 23. dxc5 d4 24. Nxd4 Qxc5 25. Nxc6 Qc1+ 26. Qf1 Qxc6 27. d4 O-O-O 28. Bd3 Qb6 0-1


[Site "https://www.chess.com"]

[Event "Titled Tuesday Blitz June 27 Late 2023"]
[White "Rostomyan, Mikayel"]
[Black "Harshavardhan G B"]
[WhiteFideId "13313754"]
[BlackFideId "25059009"]
[WhiteElo "2588"]
[BlackElo "2807"]
[Result "0-1"]
[Round "4"]
[TimeControl "180+2"]
[Date "2023.06.27"]
[WhiteClock "0:00:27"]
[BlackClock "0:01:17"]
[Board "42"]

1. d4 Nf6 2. Nf3 d5 3. c4 c6 4. e3 e6 5. Nc3 Nbd7 6. b3 Bb4 7. Bd2 Bd6 8. Bd3 O-O 9. O-O b6 10. e4 dxe4 11. Nxe4 Nxe4 12. Bxe4 Bb7 13. Qe2 Nf6 14. Bc2 c5 15. Rad1 cxd4 16. Bg5 h6 17. Bxf6 Qxf6 18. Nxd4 Rad8 19. Be4 Qf4 20. Qh5 Qxe4 21. f3 Qe3+ 22. Kh1 Bc5 23. Nb5 Rxd1 24. Rxd1 Qe2 25. Ra1 a6 26. Nc7 Bd4 27. Rb1 Be4 28. Rc1 Be3 29. Ra1 Bd4 30. Rc1 Qe3 31. Rd1 Bc2 32. Rf1 Qd3 33. Rc1 Bd1 34. h3 Qf1+ 35. Kh2 Bg1+ 36. Kg3 Bf2+ 37. Kf4 Qe1 0-1


[Site "https://www.chess.com"]

[Event "Titled Tuesday Blitz June 27 Late 2023"]
[White "Przybylski, Wojciech"]
[Black "Ohanyan, Emin"]
[WhiteFideId "1117599"]
[BlackFideId "13312022"]
[WhiteElo "2586"]
[BlackElo "2788"]
[Result "0-1"]
[Round "4"]
[TimeControl "180+2"]
[Date "2023.06.27"]
[WhiteClock "0:00:20"]
[BlackClock "0:01:09"]
[Board "43"]

1. d4 Nf6 2. Nf3 d5 3. g3 g6 4. Bg2 Bg7 5. O-O O-O 6. Re1 Ne4 7. a4 c5 8. e3 Nc6 9. Nbd2 Bg4 10. h3 Nxd2 11. Qxd2 Bxf3 12. Bxf3 cxd4 13. exd4 Nxd4 14. Bg2 e6 15. c4 Nb3 16. Qd1 Nxa1 17. cxd5 exd5 18. Re3 Rc8 19. Rd3 Nc2 20. Bxd5 Qe7 21. Bb3 Qe1+ 22. Qxe1 Nxe1 23. Rd1 Nf3+ 24. Kg2 Rfd8 25. Rh1 Rd3 26. Ba2 Re8 27. Be3 Nd4 28. Bc4 Rexe3 29. fxe3 Rd2+ 30. Kf1 Nf5 31. Be2 Nxg3+ 0-1


[Site "https://www.chess.com"]

[Event "Titled Tuesday Blitz June 27 Late 2023"]
[White "Kushko, Dmitriy"]
[Black "Sargsyan, Anna M."]
[WhiteFideId "14162261"]
[BlackFideId "13308130"]
[WhiteElo "2785"]
[BlackElo "2582"]
[Result "1-0"]
[Round "4"]
[TimeControl "180+2"]
[Date "2023.06.27"]
[WhiteClock "0:01:30"]
[BlackClock "0:01:21"]
[Board "44"]

1. f4 e5 2. fxe5 d6 3. exd6 Bxd6 4. Nf3 g5 5. g3 g4 6. Nh4 Ne7 7. Nc3 Ng6 8. Nxg6 hxg6 9. Ne4 Be5 10. c3 f5 11. Nf2 c5 12. e3 Nc6 13. d4 Bf6 14. Bg2 Bd7 15. Qb3 Qc7 16. Qd5 O-O-O 17. Qxc5 Rde8 18. Bd2 Kb8 19. O-O-O Be7 20. Qc4 Qb6 21. Qb3 Qc7 22. Kb1 Na5 23. Qc2 Nc4 24. e4 Rc8 25. Bf4 Bd6 26. e5 Qb6 27. Qb3 1-0


[Site "https://www.chess.com"]

[Event "Titled Tuesday Blitz June 27 Late 2023"]
[White "Milikow, Yoav"]
[Black "Bayo Milagro, Alvaro"]
[WhiteFideId "2822237"]
[BlackFideId "22275240"]
[WhiteElo "2768"]
[BlackElo "2580"]
[Result "1-0"]
[Round "4"]
[TimeControl "180+2"]
[Date "2023.06.27"]
[WhiteClock "0:00:52"]
[BlackClock "0:00:59"]
[Board "45"]

1. d4 d5 2. c4 e6 3. Nf3 Nf6 4. Nc3 Be7 5. cxd5 exd5 6. Bf4 O-O 7. e3 c6 8. h3 Bf5 9. Bd3 Bxd3 10. Qxd3 Nbd7 11. O-O Re8 12. Rab1 Nb6 13. Rfc1 Bd6 14. Bxd6 Qxd6 15. Nd2 h6 16. b4 a6 17. a4 Rac8 18. a5 Nbd7 19. Re1 Ne4 20. Ndxe4 dxe4 21. Nxe4 Qg6 22. Nc5 Qxd3 23. Nxd3 Nf6 24. Nc5 Re7 25. Kf1 Nd5 26. Rb3 Rd8 27. Ke2 g6 28. Kd2 Kg7 29. Reb1 h5 30. Kd3 h4 31. Kc4 f5 32. Re1 Nc7 33. Nxb7 1-0


[Site "https://www.chess.com"]

[Event "Titled Tuesday Blitz June 27 Late 2023"]
[White "Nefedov, Sergey"]
[Black "Tristan, Leonardo"]
[WhiteFideId "24113417"]
[BlackFideId "113816"]
[WhiteElo "2578"]
[BlackElo "2767"]
[Result "0-1"]
[Round "4"]
[TimeControl "180+2"]
[Date "2023.06.27"]
[WhiteClock "0:01:00"]
[BlackClock "0:01:32"]
[Board "46"]

1. d4 d5 2. Nf3 Nf6 3. c4 e6 4. Nc3 a6 5. cxd5 exd5 6. Bg5 Be6 7. e3 Nbd7 8. Bd3 Bd6 9. Qc2 c6 10. O-O Qc7 11. Bh4 h6 12. Bg3 Bxg3 13. hxg3 Qd6 14. Rfe1 O-O 15. Rab1 a5 16. Na4 b6 17. Rbc1 Rfc8 18. Ne5 c5 19. Nxd7 Nxd7 20. dxc5 bxc5 21. e4 c4 22. exd5 cxd3 23. Qxc8+ Rxc8 24. Rxc8+ Kh7 25. dxe6 d2 26. Rd1 Qxe6 27. Nc3 Nf6 28. f3 Qxc8 0-1


[Site "https://www.chess.com"]

[Event "Titled Tuesday Blitz June 27 Late 2023"]
[White "Cruz, Jonathan"]
[Black "WindWhistler11"]
[WhiteFideId "3802124"]
[WhiteElo "2765"]
[BlackElo "2570"]
[Result "1-0"]
[Round "4"]
[TimeControl "180+2"]
[Date "2023.06.27"]
[WhiteClock "0:00:15"]
[BlackClock "0:00:00"]
[Board "47"]

1. Nf3 f5 2. g3 Nf6 3. Bg2 g6 4. O-O Bg7 5. c4 O-O 6. Nc3 d6 7. d4 Nc6 8. d5 Ne5 9. Nxe5 dxe5 10. c5 Qe8 11. a4 a6 12. b4 e4 13. Ra3 h6 14. Bf4 c6 15. d6 e5 16. Bc1 Be6 17. a5 g5 18. Na4 Rd8 19. Nb6 Qh5 20. e3 Qg6 21. Re1 Kh8 22. Bb2 Nh5 23. Qa1 Qf6 24. Rd1 Bf7 25. d7 Qe7 26. Rd6 Kg8 27. Bh3 g4 28. Bg2 Bf6 29. Rc3 Ng7 30. Rc1 h5 31. Rcd1 h4 32. Nc8 Rxc8 33. dxc8=Q Rxc8 34. Rd7 Qe8 35. Rxb7 Be6 36. Rd6 hxg3 37. hxg3 1-0


[Site "https://www.chess.com"]

[Event "Titled Tuesday Blitz June 27 Late 2023"]
[White "Camacho Collados, Marcos"]
[Black "Yanchenko, Roman"]
[WhiteFideId "2266237"]
[BlackFideId "4137329"]
[WhiteElo "2571"]
[BlackElo "2762"]
[Result "1-0"]
[Round "4"]
[TimeControl "180+2"]
[Date "2023.06.27"]
[WhiteClock "0:01:33"]
[BlackClock "0:01:15"]
[Board "48"]

1. Nf3 d6 2. d4 Bf5 3. Nc3 Nf6 4. Nh4 Bg6 5. Nxg6 hxg6 6. e4 e5 7. Be3 exd4 8. Qxd4 a6 9. O-O-O Nc6 10. Qd2 Be7 11. f3 Qd7 12. g4 Ne5 13. Be2 Qc6 14. g5 Nfd7 15. Nd5 Nc4 16. Bxc4 Qxc4 17. h4 Ne5 18. b3 Qc6 19. f4 Nd7 20. Bd4 Bf8 21. Rh3 O-O-O 22. Rc3 Nc5 23. Bxc5 dxc5 24. Nb6+ 1-0


[Site "https://www.chess.com"]

[Event "Titled Tuesday Blitz June 27 Late 2023"]
[White "Ganiev, Roman"]
[Black "Trost, Edvin"]
[WhiteFideId "4131452"]
[BlackFideId "1729519"]
[WhiteElo "2569"]
[BlackElo "2750"]
[Result "1-0"]
[Round "4"]
[TimeControl "180+2"]
[Date "2023.06.27"]
[WhiteClock "0:00:13"]
[BlackClock "0:00:58"]
[Board "49"]

1. e4 e5 2. d4 exd4 3. Qxd4 Nc6 4. Qe3 Nf6 5. Nc3 Bb4 6. Bd2 O-O 7. O-O-O Re8 8. Qg3 Kh8 9. f3 d6 10. a3 Bc5 11. Bc4 Be6 12. Bxe6 fxe6 13. Nh3 Qe7 14. Nf4 b5 15. h4 b4 16. axb4 Nxb4 17. h5 Kg8 18. h6 e5 19. Nfd5 Nfxd5 20. exd5 g6 21. Bg5 Qf7 22. Ne4 Reb8 23. Nf6+ Kh8 24. f4 Bd4 25. Rxd4 exd4 26. Re1 Nxd5 27. Nxd5 Qxd5 28. Re7 Rf8 29. Qe1 d3 30. cxd3 Qxd3 31. Rxh7+ Kg8 32. Qe6+ Rf7 33. Qxf7# 1-0


[Site "https://www.chess.com"]

[Event "Titled Tuesday Blitz June 27 Late 2023"]
[White "Fantinel, Thibault"]
[Black "Bryakin, Mikhail"]
[WhiteFideId "663395"]
[BlackFideId "4165314"]
[WhiteElo "2567"]
[BlackElo "2749"]
[Result "1-0"]
[Round "4"]
[TimeControl "180+2"]
[Date "2023.06.27"]
[WhiteClock "0:00:16"]
[BlackClock "0:00:23"]
[Board "50"]

1. c4 g6 2. g3 Bg7 3. Bg2 c6 4. Nc3 Nf6 5. e4 d6 6. Nge2 O-O 7. O-O e5 8. d3 a5 9. h3 Na6 10. Be3 Nd7 11. Qd2 Nac5 12. Rad1 a4 13. Bh6 Qe7 14. Bxg7 Kxg7 15. d4 Ne6 16. d5 cxd5 17. Nxd5 Qd8 18. f4 Nec5 19. Kh2 Ra6 20. Nec3 Nb6 21. Nxb6 Qxb6 22. Nd5 Qd8 23. f5 f6 24. h4 Ra7 25. Ne3 Ra6 26. Ng4 g5 27. hxg5 fxg5 28. Nxe5 h6 29. Ng4 Qe8 30. Qd4+ Kh7 31. Nf6+ Rxf6 32. Qxf6 d5 33. Qd4 Qh5+ 34. Kg1 Nxe4 35. Bxe4 dxe4 36. Qxe4 Rf6 37. Rd8 Qf7 38. Rxc8 Qd7 39. Re8 Rf7 40. Qe5 Rg7 41. f6 Qg4 42. Qf5+ Qxf5 43. Rxf5 Rf7 44. Re7 Kg6 45. Rxf7 Kxf5 1-0


[Site "https://www.chess.com"]

[Event "Titled Tuesday Blitz June 27 Late 2023"]
[White "Ozates, Tuna"]
[Black "Aradhya, Garg"]
[WhiteFideId "6354521"]
[BlackFideId "25006746"]
[WhiteElo "2566"]
[BlackElo "2748"]
[Result "0-1"]
[Round "4"]
[TimeControl "180+2"]
[Date "2023.06.27"]
[WhiteClock "0:00:17"]
[BlackClock "0:01:09"]
[Board "51"]

1. e4 e5 2. Nf3 Nc6 3. Bb5 a6 4. Ba4 Bc5 5. O-O d6 6. d3 b5 7. Bb3 Na5 8. Bd5 c6 9. Bxf7+ Kxf7 10. Ng5+ Ke8 11. Kh1 Nf6 12. f4 h6 13. Nf3 Bg4 14. c3 Bb6 15. Qe1 Qe7 16. Nh4 Qf7 17. fxe5 dxe5 18. d4 Bc7 19. h3 Be6 20. Nd2 Nc4 21. Ndf3 g5 22. Bxg5 hxg5 23. Nxg5 Qg8 24. Rxf6 Qxg5 25. Rxe6+ Kd7 26. Nf3 Qf4 27. d5 Rag8 28. Rxc6 Rxh3+ 29. gxh3 Qxf3+ 0-1


[Site "https://www.chess.com"]

[Event "Titled Tuesday Blitz June 27 Late 2023"]
[White "Nazari, Arad"]
[Black "ElDivis"]
[WhiteFideId "12577324"]
[WhiteElo "2745"]
[BlackElo "2562"]
[Result "1-0"]
[Round "4"]
[TimeControl "180+2"]
[Date "2023.06.27"]
[WhiteClock "0:01:11"]
[BlackClock "0:00:01"]
[Board "52"]

1. e4 c5 2. Nf3 d6 3. Bb5+ Bd7 4. Bxd7+ Qxd7 5. O-O Nf6 6. Re1 Nc6 7. c3 e6 8. d4 cxd4 9. cxd4 d5 10. e5 Ne4 11. a3 Be7 12. Qd3 Rc8 13. Nbd2 Nxd2 14. Bxd2 O-O 15. Re3 b6 16. Ne1 Na5 17. Rh3 g6 18. Nf3 Nc4 19. Bc3 Qb5 20. Ne1 Qb3 21. Qe2 Nxa3 22. Qd2 f5 23. exf6 Bxf6 24. bxa3 Qc4 25. Bb2 Rfe8 26. Rc1 Qa6 27. Rxc8 Qxc8 28. Rf3 Bg7 29. Nd3 Qd7 30. Ne5 Bxe5 31. dxe5 Rc8 32. h4 Qc6 33. h5 Qc2 34. Qxc2 Rxc2 35. Bd4 gxh5 36. Rf6 Rc4 37. Be3 Ra4 38. Bh6 1-0


[Site "https://www.chess.com"]

[Event "Titled Tuesday Blitz June 27 Late 2023"]
[White "Ambartsumova, Karina"]
[Black "Matinian, Nikita"]
[WhiteFideId "4166299"]
[BlackFideId "24129100"]
[WhiteElo "2561"]
[BlackElo "2738"]
[Result "1/2-1/2"]
[Round "4"]
[TimeControl "180+2"]
[Date "2023.06.27"]
[WhiteClock "0:00:06"]
[BlackClock "0:00:14"]
[Board "53"]

1. Nf3 g6 2. d4 Bg7 3. g3 Nf6 4. Bg2 O-O 5. O-O d6 6. b3 a5 7. a4 Nc6 8. Bb2 e5 9. dxe5 Nd7 10. Qc1 dxe5 11. Rd1 Qe7 12. Ba3 Nc5 13. Qe3 b6 14. Nfd2 e4 15. c3 f5 16. f3 Ba6 17. fxe4 Rad8 18. Rf1 Nd4 19. Ra2 Nxe2+ 20. Kh1 Rfe8 21. Nc4 Qe6 22. Bxc5 Bxc4 23. bxc4 Qxc4 24. Rxe2 bxc5 25. Nd2 Qxa4 26. Qxc5 Qc2 27. Qf2 Qxc3 28. Nb1 Qc4 29. Rc2 Qd4 30. Qxd4 Rxd4 31. exf5 gxf5 32. Rxc7 a4 33. Ra7 h5 34. Bc6 Re2 35. Rxa4 Rd6 36. Bf3 Rb2 37. Bxh5 Rdb6 38. Na3 f4 39. Nc4 R2b4 40. Rxb4 Rxb4 41. Nd6 fxg3 42. hxg3 Be5 43. Nf5 Rb2 44. g4 Rh2+ 45. Kg1 Rb2 46. Rf2 Rb4 47. Kg2 Kh7 48. Re2 Bf6 49. Kf3 Bg5 50. Re4 Rb3+ 51. Kf2 Rb2+ 52. Re2 Rb4 53. Rc2 Rf4+ 54. Kg3 Rb4 55. Rc7+ Kh8 56. Bg6 Rb3+ 57. Kg2 Rb2+ 58. Kf3 Rb3+ 59. Ke2 Rb8 60. Kd3 Rd8+ 61. Ke4 Rb8 62. Bh5 Rf8 63. Ke5 Rd8 64. Ke6 Kg8 65. Rd7 Rxd7 66. Kxd7 Bf4 67. Ke6 Bc1 68. Kf6 Kf8 69. Kg6 Ke8 70. Kg7+ Kd7 71. Nh4 Ke6 72. Nf5 Ke5 73. Kg6 Bd2 74. Kf7 Kf4 75. Kf6 Ke4 76. g5 Bxg5+ 77. Kxg5 Ke5 78. Bg6 Ke4 79. Kg4 Ke5 80. Kg5 Ke4 81. Nh6+ Ke5 82. Bf5 Kd4 83. Kf4 Kd5 84. Nf7 Kd4 85. Be4 Kc3 86. Ke3 Kc4 87. Bd3+ Kd5 88. Be4+ Kc5 89. Kf4 Kd4 90. Ng5 Kc4 91. Ke5 Kc5 92. Ne6+ Kc4 93. Nd4 Kc5 94. Bd5 Kb4 95. Kd6 Kc3 96. Nf5 Kd3 97. Ke5 Kc3 98. Ke4 Kb4 99. Kd4 Kb5 100. Be4 Kb4 101. Bd3 Kb3 102. Ne3 Kb4 103. Bc4 Ka3 104. Nd5 Kb2 105. Kd3 Ka1 106. Kc3 Kb1 107. Ne3 Ka1 108. Bb3 Kb1 109. Nc2 Kc1 110. Ba2 Kd1 111. Kd3 Kc1 112. Kc3 Kd1 113. Nd4 Kc1 114. Ne2+ Kd1 115. Kd3 Ke1 116. Nf4 Kf2 117. Ke4 Ke1 118. Ke3 Kd1 119. Bb3+ Kc1 120. Nd3+ Kb1 121. Kd2 Ka1 122. Kc3 Kb1 123. Nb4 Ka1 124. Nc2+ Kb1 125. Bc4 Kc1 126. Ba2 1/2-1/2


[Site "https://www.chess.com"]

[Event "Titled Tuesday Blitz June 27 Late 2023"]
[White "Domingo Nunez, Ruben"]
[Black "Troff, Kayden"]
[WhiteFideId "22245570"]
[BlackFideId "2047896"]
[WhiteElo "2554"]
[BlackElo "2736"]
[Result "1-0"]
[Round "4"]
[TimeControl "180+2"]
[Date "2023.06.27"]
[WhiteClock "0:00:34"]
[BlackClock "0:00:11"]
[Board "54"]

1. a3 g6 2. h3 Bg7 3. g3 d5 4. Bg2 c5 5. d3 Nc6 6. Nf3 e6 7. O-O Nge7 8. e4 O-O 9. Qe2 dxe4 10. dxe4 Nd4 11. Nxd4 cxd4 12. e5 Qb6 13. Nd2 Bd7 14. Nc4 Qa6 15. a4 Bc6 16. Bg5 Bxg2 17. Kxg2 Nc6 18. Rfe1 Nb4 19. b3 Rac8 20. Be7 Nd5 21. Bxf8 Bxf8 22. Qf3 Bb4 23. Re4 Bc3 24. Rd1 Qc6 25. h4 h5 26. g4 hxg4 27. Rxg4 Ne7 28. h5 Qxf3+ 29. Kxf3 Rc5 30. Ke4 a6 31. a5 Bxa5 32. Rxd4 Bc3 33. Rd7 b5 34. Rxe7 bxc4 35. hxg6 Rxe5+ 36. Kf4 Rf5+ 37. Ke3 cxb3 38. gxf7+ Kf8 39. Rc7 Bg7 40. Rc8+ Kxf7 41. Rc7+ Kf8 42. Rcxg7 Re5+ 43. Kd2 b2 44. Rb7 Rf5 45. Rg2 Rc5 46. Rxb2 Kf7 47. Ra2 a5 48. Rg3 Rf5 49. Ke2 Ke7 50. Rga3 Re5+ 51. Kf1 Rh5 52. Rxa5 Rh1+ 53. Kg2 Rh4 54. Re5 Rc4 55. Re2 Rc6 56. Ra3 Kf6 57. Rae3 Rd6 58. Rxe6+ Rxe6 59. Rxe6+ Kxe6 60. Kf3 Kf5 61. c4 Ke5 62. Kg4 Kd4 63. f4 Kxc4 64. Kg5 Kd5 65. f5 Kd6 66. Kg6 Ke7 67. Kg7 Ke8 68. f6 1-0


[Site "https://www.chess.com"]

[Event "Titled Tuesday Blitz June 27 Late 2023"]
[White "Bjelobrk, Igor"]
[Black "Daggupati, Balaji"]
[WhiteFideId "4300726"]
[BlackFideId "2090759"]
[WhiteElo "2553"]
[BlackElo "2734"]
[Result "1-0"]
[Round "4"]
[TimeControl "180+2"]
[Date "2023.06.27"]
[WhiteClock "0:00:06"]
[BlackClock "0:00:01"]
[Board "55"]

1. d4 d5 2. c4 dxc4 3. Nf3 Nf6 4. e3 e6 5. Bxc4 a6 6. O-O Be7 7. b3 O-O 8. Bb2 b6 9. Nbd2 Bb7 10. Rc1 Nbd7 11. Qe2 c5 12. Rfd1 cxd4 13. Bxd4 b5 14. Bd3 Qa5 15. Ne5 Nxe5 16. Bxe5 Rac8 17. Bb1 Rfd8 18. Rxc8 Bxc8 19. h3 Bb7 20. Nf3 h6 21. Rc1 b4 22. Qb2 Qd5 23. Bc2 Qb5 24. Rd1 Rxd1+ 25. Bxd1 Qd5 26. Be2 a5 27. Qd4 Qc6 28. Qc4 Nd5 29. Qxc6 Bxc6 30. Nd4 Bd7 31. Bb5 Bxb5 32. Nxb5 Bd8 33. e4 Ne7 34. Na7 Bb6 35. Nb5 Nc6 36. Bb2 e5 37. Kf1 Kf8 38. f3 Ke7 39. Ke2 Kd7 40. Kd3 Nd8 41. Kc4 Kc6 42. Bxe5 f6 43. Bf4 Nf7 44. a4 bxa3 45. Nxa3 g5 46. Bg3 h5 47. Nc2 h4 48. Bh2 Bc5 49. Nd4+ Bxd4 50. Kxd4 Kb5 51. Kc3 Kc5 52. Bc7 Kb5 53. Kc2 Kb4 54. Kb2 Kb5 55. Kc2 Kb4 56. Kb2 Kb5 57. Kc3 Kc6 58. Bxa5 Kd6 59. Kd4 Ne5 60. Bd2 Nc6+ 61. Kc4 Ne5+ 62. Kc3 Nc6 63. Be3 Nd8 64. Kc4 Nc6 65. b4 Ne5+ 66. Kc3 Nd7 67. b5 Ne5 68. Bd4 Nd7 69. Kc4 Ke6 70. b6 Kd6 71. b7 Kc6 72. Bc3 Kxb7 73. Kd5 Kc7 74. Ke6 Nc5+ 75. Kxf6 Nd3 76. Kxg5 Kd6 77. Kxh4 Nf4 78. g4 Ke6 79. Bd4 Kf7 80. Be3 Ng2+ 81. Kg5 Nxe3 82. f4 Ng2 83. h4 Ne3 84. h5 Nc2 85. e5 Nd4 86. h6 Nf3+ 87. Kh5 Nd4 88. f5 Nf3 89. e6+ Kf6 90. h7 Kg7 91. e7 1-0


[Site "https://www.chess.com"]

[Event "Titled Tuesday Blitz June 27 Late 2023"]
[White "Pakleza, Zbigniew"]
[Black "Ilkhomi, Jaloliddin"]
[WhiteFideId "1119290"]
[BlackFideId "14700948"]
[WhiteElo "2721"]
[BlackElo "2553"]
[Result "1/2-1/2"]
[Round "4"]
[TimeControl "180+2"]
[Date "2023.06.27"]
[WhiteClock "0:00:02"]
[BlackClock "0:00:29"]
[Board "56"]

1. d4 Nf6 2. Nf3 e6 3. Bf4 b6 4. e3 Bb7 5. Nbd2 d6 6. h3 Nbd7 7. Be2 Be7 8. a4 O-O 9. a5 a6 10. axb6 cxb6 11. O-O Qc7 12. c3 b5 13. Bh2 Qb6 14. Bd3 d5 15. Qe2 Ne4 16. Rfc1 f5 17. Ne5 Nxe5 18. Bxe5 Nxd2 19. Qxd2 Bd6 20. Bxd6 Qxd6 21. b3 Rac8 22. Rc2 h6 23. f4 Rc7 24. c4 dxc4 25. bxc4 bxc4 26. Bxc4 Rfc8 27. Rac1 Bd5 28. Bxd5 Rxc2 29. Rxc2 Rxc2 30. Qxc2 Qxd5 31. Qc8+ Kh7 32. Qxa6 Qe4 33. Qe2 Qb1+ 34. Kf2 Qe4 35. Qd2 Qd5 36. Qc2 Qa5 37. g4 Kg6 38. gxf5+ exf5 39. Qc6+ Kh5 40. Qf3+ Kg6 41. Qc6+ Kh5 42. Qf3+ Kg6 43. Qe2 Kf6 44. h4 Qa1 45. Kg2 Qa8+ 46. Kh2 Qe4 47. h5 Ke7 48. Qg2 Qd3 49. Qxg7+ Kd8 50. Qf6+ Kd7 51. Qf7+ Kd8 52. Qd5+ Ke7 53. Qe5+ Kd8 54. Kg3 Qe2 55. Qf6+ Ke8 56. Qxf5 Qxe3+ 57. Kg4 Qe2+ 58. Kh4 Qf2+ 59. Kh3 Qf3+ 60. Kh2 Qf2+ 61. Kh3 Qf3+ 62. Kh4 Qf2+ 63. Kh3 1/2-1/2


[Site "https://www.chess.com"]

[Event "Titled Tuesday Blitz June 27 Late 2023"]
[White "Manukyan, Artyom"]
[Black "Lorparizangeneh, Shahin"]
[WhiteFideId "13305786"]
[BlackFideId "12521604"]
[WhiteElo "2553"]
[BlackElo "2721"]
[Result "1-0"]
[Round "4"]
[TimeControl "180+2"]
[Date "2023.06.27"]
[WhiteClock "0:00:04"]
[BlackClock "0:00:02"]
[Board "57"]

1. e4 e5 2. Nf3 Nc6 3. Bb5 a6 4. Bxc6 dxc6 5. O-O f6 6. d4 exd4 7. Nxd4 Bd6 8. Nc3 Ne7 9. Qh5+ g6 10. Qf3 c5 11. Nb3 O-O 12. Bh6 Rf7 13. Rad1 b6 14. e5 fxe5 15. Qxa8 Nf5 16. Bg5 Qe8 17. Nd5 Qe6 18. Rfe1 Rf8 19. Nf6+ Kg7 20. Ne4 h6 21. Be3 Nh4 22. Ng3 Qf7 23. Qd5 Be6 24. Qd2 g5 25. Nc1 Bg4 26. Qd5 Qg6 27. Qe4 Qe6 28. Rd2 c4 29. c3 Nf3+ 30. Kh1 Nxd2 31. Bxd2 Rxf2 32. Be3 Rxb2 33. Bg1 h5 34. Nf1 h4 35. Ne3 Bh5 36. Nf5+ Kg8 37. Rf1 Bg6 38. Qg4 Qd5 39. Qxg5 Qe6 40. Nxh4 Kh7 41. Rf6 Rxg2 42. Nxg2 Qe8 43. Qh4+ Kg8 44. Qg5 Kh7 45. Nh4 Be4+ 46. Ng2 Be7 47. Qh6+ Kg8 48. Qg5+ Kh7 49. Rh6# 1-0


[Site "https://www.chess.com"]

[Event "Titled Tuesday Blitz June 27 Late 2023"]
[White "Laurent-Paoli, Pierre"]
[Black "O`Gorman, Tom"]
[WhiteFideId "26017962"]
[BlackFideId "2508249"]
[WhiteElo "2720"]
[BlackElo "2553"]
[Result "1-0"]
[Round "4"]
[TimeControl "180+2"]
[Date "2023.06.27"]
[WhiteClock "0:00:16"]
[BlackClock "0:00:01"]
[Board "58"]

1. d4 d5 2. c4 e6 3. Nc3 Nf6 4. Bg5 Be7 5. e3 O-O 6. Rc1 b6 7. cxd5 exd5 8. Bd3 Bb7 9. Nge2 Ne4 10. Bxe7 Qxe7 11. Bxe4 dxe4 12. Ng3 Nd7 13. Qg4 Nf6 14. Qg5 Qe6 15. Nb5 h6 16. Qe5 Qxa2 17. Nxc7 Qxb2 18. O-O Rac8 19. Nf5 Kh7 20. Nd6 Rb8 21. Qe7 Kg8 22. h3 Nd5 23. Nxd5 Bxd5 24. Qe5 Be6 25. Nxe4 Rbc8 26. Rb1 Qa3 27. d5 Bd7 28. Qg3 Qe7 29. Nd6 Rc5 30. e4 Rd8 31. Rfc1 Rxc1+ 32. Rxc1 Be8 33. Nf5 Qf6 34. Qc7 Bd7 35. e5 Qg5 36. h4 Qxf5 37. Qxd8+ Kh7 38. Qe7 Bb5 39. e6 fxe6 40. Rc7 Qg4 41. Qxe6 Qd1+ 42. Kh2 Qd4 43. Qf5+ Kh8 44. Rc8+ 1-0


[Site "https://www.chess.com"]